 Dungeon Crawl Stone Soup version 0.15-a0-734-g2b8d6ef (console) character file.

69 Plastic the Cudgeler (level 4, -10/44 HPs)
             Began as an Ogre Gladiator on May 11, 2014.
             Killed by divine providence
             ... invoked by an orc priest
              (13 damage)
             ... on Level 3 of the Dungeon.
             The game lasted 00:03:27 (655 turns).

Plastic the Cudgeler (Ogre Gladiator)                Turns: 655, Time: 00:03:27

HP -10/44        AC  3     Str 20      XL: 4   Next: 20%
MP   4/4         EV 10     Int  7      God:
Gold 103         SH  0     Dex 11      Spells:  0 memorised,  3 levels left

rFire  . . .     SeeInvis .     a - +0 flail
rCold  . . .     Clarity  .     m - +0 robe
rNeg   + . .     Conserve .     (shield restricted)
rPois  .         rCorr    .     c - +0 hat
rElec  .         rRot     .     (no cloak)
SustAb . .       Spirit   .     (gloves unavailable)
rMut   .         Warding  .     (boots unavailable)
Saprov + . .     Stasis   .     (no amulet)
MR     .....                    (no ring)
                                h - ring of positive energy

@: not resistant to hostile enchantments, very unstealthy
A: unfitting armour, fast metabolism 1, saprovore 1, tough skin 1
a: no special abilities


You were on level 3 of the Dungeon.
You were not hungry.

You visited 1 branch of the dungeon, and saw 3 of its levels.

You collected 103 gold pieces.

Inventory:

Hand weapons
 a - a +0,+0 flail (weapon)
Missiles
 d - 2 throwing nets (quivered)
Armour
 b - a +0 animal skin
 c - a +0 hat (worn)
 m - a +0 robe (worn)
Comestibles
 f - 2 meat rations
 i - 2 bread rations
 n - 2 rotting chunks of goblin flesh
Scrolls
 e - a scroll of identify {unknown}
 g - a scroll of fog {unknown}
 j - 3 scrolls of fear {unknown}
 k - 2 scrolls of remove curse {unknown}
 l - a scroll of recharging {unknown}
 p - a scroll of random uselessness {unknown}
 q - a scroll of blinking {unknown}
Jewellery
 h - a ring of positive energy (left hand)
Potions
 o - a potion of curing


   Skills:
 - Level 2.6 Fighting
 + Level 6.5 Maces & Flails
 - Level 2.1 Throwing
 - Level 2.6 Dodging


You had 3 spell levels left.
You didn't know any spells.

Dungeon Overview and Level Annotations

Branches:
Dungeon (3/15)

Altars:


Innate Abilities, Weirdness & Mutations

You are too large for most types of armour.
You have a fast metabolism.
You can tolerate rotten meat.
You have tough skin (AC +1).


Message History

* * * LOW HITPOINT WARNING * * *
The orc priest hits you with a club.
* * * LOW HITPOINT WARNING * * *
Drink which item? (? for menu, Esc to quit)
You feel better.
It was a potion of curing.
The orc hits you with a club.
* * * LOW HITPOINT WARNING * * *
The orc priest hits you with a club.
* * * LOW HITPOINT WARNING * * *
Throwing (i - inventory):
d - 3 throwing nets (quivered)
Press: ? - help, Shift-Dir - straight line, f - orc priest
Aim: an orc priest, wielding a club (moderately wounded)
You throw a throwing net. The throwing net hits the orc priest.
The orc priest is caught in the net!
The orc priest is moderately wounded.
The orc priest struggles against the net.
The orc hits you with a club.
* * * LOW HITPOINT WARNING * * *
The orc priest invokes the aid of Beogh against you.
Something smites you!
You die...

##########################
#........@#..>.g......o...
#...)....oo.##############
#.........### #.........#
#.........# ######'####
#.# #.# #.#


You could see an orc priest (caught) and an orc.

Vanquished Creatures
  Ijyb (D:3)
  Jessica (D:2)
  A gnoll (D:1)
  A worm (D:3)
  2 bats
  3 goblins
  A giant newt (D:1)
  7 kobolds
  2 rats (D:2)
19 creatures vanquished.

Notes
Turn   | Place    | Note
--------------------------------------------------------------
     0 | D:1      | Plastic, the Ogre Gladiator, began the quest for the Orb.
     0 | D:1      | Reached XP level 1. HP: 22/22 MP: 1/1
    49 | D:1      | Reached XP level 2. HP: 5/29 MP: 2/2
   109 | D:1      | Reached skill level 5 in Maces & Flails
   311 | D:2      | Noticed Jessica
   318 | D:2      | Killed Jessica
   318 | D:2      | Reached XP level 3. HP: 18/36 MP: 3/3
   449 | D:3      | Noticed Ijyb
   459 | D:3      | Killed Ijyb
   459 | D:3      | Reached skill level 6 in Maces & Flails
   459 | D:3      | Reached XP level 4. HP: 44/44 MP: 4/4
   655 | D:3      | Killed from afar by an orc priest

Action                   |  1- 3 |  4- 6 || total
-------------------------+-------+-------++-------
Melee: Flail             |    42 |    22 ||    64
Throw: Throwing net      |    12 |     2 ||    14
  Use: Potion            |       |     1 ||     1
 Stab: Held in net/web   |     2 |     1 ||     3
